 Dungeon Crawl Stone Soup version 0.28.0 (webtiles) character file.

Game seed: 6500479500111253456

8572 Ablot the Thaumaturge (level 11, -4/86 HPs)
             Began as a Gnoll Warper on Feb 17, 2022.
             Was an Elder of Okawaru.
             Slain by a very large slime creature (60 damage)
             ... on level 13 of the Dungeon.
             The game lasted 00:41:20 (15461 turns).

Ablot the Thaumaturge (Gnoll Warper)               Turns: 15461, Time: 00:41:21

Health: -4/86      AC:  7    Str: 28    XL:     11   Next: 33%
Magic:  23/23      EV: 14    Int: 16    God:    Okawaru [****..]
Gold:   401        SH:  0    Dex: 11    Spells: 14/26 levels left

rFire   + . .      SeeInvis +   Q - +12 flail of Unpleasantness {elec, rC+ Int+4 SInv Stlth-}
rCold   + + .      Faith    .   (no shield)
rNeg    . . .      Spirit   .   r - +0 troll leather armour
rPois   .          Reflect  .   v - +0 helmet
rElec   .          Harm     .   D - scarf {rC+ rF+}
rCorr   .          Rampage  .   (no gloves)
Will    .....                   n - +0 pair of boots
Stlth   ++........              T - amulet of the acrobat
HPRegen 1.04/turn               l - +6 ring of strength
MPRegen 0.18/turn               L - +6 ring of strength

@: no status effects
A: fangs 1, strong nose, distributed training
a: Renounce Religion, Heroism, Finesse


You were on level 13 of the Dungeon.
You worshipped Okawaru.
Okawaru was greatly pleased with you.
You visited 2 branches of the dungeon, and saw 14 of its levels.

You collected 629 gold pieces.
You spent 228 gold pieces at shops.

Inventory:

Hand Weapons
 a - a +0 trident
 p - the +10 flail "Odoc" {antimagic, Dex+4}
   (You found it on level 2 of the Dungeon)

   It reduces the magical energy of the wielder, and disrupts the spells and
   magical abilities of those it strikes.
   Natural abilities and divine invocations are not affected.
   Dex:       It affects your dexterity (+4).
 x - a +2 hand axe of flaming
 Q - the +12 flail of Unpleasantness (weapon) {elec, rC+ Int+4 SInv Stlth-}
   (You found it on level 8 of the Dungeon)

   It occasionally discharges a powerful burst of electricity upon striking a
   foe.
   Int:       It affects your intelligence (+4).
   rC:        It protects you from cold.
   SInv:      It lets you see invisible.
   Stlth:     It makes you less stealthy.
 X - the +6 longbow of the Traitor {flame, Drain rN++ Str+3}
   (You found it on level 12 of the Dungeon)

   Any ammunition fired from it burns those it strikes, dealing additional fire
   damage.
   Str:       It affects your strength (+3).
   rN:        It greatly protects you from negative energy.
   Drain:     It drains your maximum health when unequipped.
Missiles
 d - 5 boomerangs of dispersal
 e - 266 stones
 g - 2 throwing nets
 o - 92 arrows
 q - 2 atropa-tipped darts
 y - 4 poisoned darts (quivered)
 B - 66 sling bullets
 H - 140 bolts
 S - 7 boomerangs
Armour
 n - a +0 pair of boots (worn)
 r - a +0 troll leather armour (worn)
 v - a +0 helmet (worn)
 D - a scarf of resistance (worn)
 M - +0 steam dragon scales
 R - a +2 cloak
Jewellery
 k - a ring of wizardry
 l - a +6 ring of strength (left hand)
 L - a +6 ring of strength (right hand)
 T - an amulet of the acrobat (around neck)
Wands
 s - a wand of flame (28)
 u - a wand of digging (7)
 w - a wand of polymorph (16)
 O - a wand of iceblast (8)
 W - a wand of acid (6)
Scrolls
 c - 3 scrolls of blinking
 h - 2 scrolls of holy word {unknown}
 i - 7 scrolls of teleportation
 j - a scroll of vulnerability {unknown}
 E - a scroll of summoning {unknown}
 F - 3 scrolls of magic mapping
 G - 3 scrolls of fog
 I - 2 scrolls of fear {unknown}
 K - 2 scrolls of enchant weapon
 P - a scroll of noise {unknown}
 U - a scroll of amnesia {unknown}
Potions
 b - 3 potions of might
 f - 2 potions of cancellation
 m - 5 potions of lignification
 t - a potion of ambrosia
 z - a potion of flight
 A - 5 potions of curing
 C - 2 potions of brilliance
 J - 3 potions of heal wounds
 N - 2 potions of invisibility {unknown}
 V - a potion of haste {unknown}


   Skills:
 + Level 7.8 Fighting
 + Level 6.2 Short Blades
 + Level 6.2 Long Blades
 + Level 6.2 Axes
 + Level 6.2 Maces & Flails
 + Level 7.8 Polearms
 + Level 6.2 Staves
 + Level 6.2 Slings
 + Level 6.2 Bows
 + Level 6.2 Crossbows
 + Level 6.7 Throwing
 + Level 6.7 Armour
 + Level 7.8 Dodging
 + Level 6.2 Stealth
 + Level 6.2 Shields
 + Level 6.2 Unarmed Combat
 + Level 8.0 Spellcasting
 + Level 5.1 Conjurations
 + Level 5.1 Hexes
 + Level 5.1 Summonings
 + Level 5.1 Necromancy
 + Level 7.6 Translocations
 + Level 5.1 Transmutations
 + Level 5.1 Fire Magic
 + Level 5.1 Ice Magic
 + Level 5.1 Air Magic
 + Level 5.1 Earth Magic
 + Level 5.1 Poison Magic
 + Level 6.8 Invocations
 + Level 6.2 Evocations


You had 14 spell levels left.
You knew the following spells:

 Your Spells              Type           Power      Damage    Failure   Level
a - Blink                 Tloc           60%        N/A       1%          2
b - Beastly Appendage     Tmut           44%        N/A       1%          1
c - Animate Skeleton      Necr           44%        N/A       1%          1
d - Wereblood             Tmut           22%        N/A       2%          2
e - Gell's Gravitas       Tloc           30%        N/A       1%          3
f - Vampiric Draining     Necr           22%        2d7       4%          3

Your spell library contained the following spells:

 Spells                   Type           Power      Damage    Failure   Level
 Foxfire                  Conj/Fire      88%        2x1d8     1%          1
 Pain                     Necr           88%        1d8       1%          1
 Lesser Beckoning         Tloc           30%        N/A       1%          3
 Teleport Other           Tloc           30%        N/A       1%          3
 Conjure Flame            Conj/Fire      22%        6-21      4%          3
 Inner Flame              Hex/Fire       22%        N/A       4%          3
 Spider Form              Tmut/Pois      22%        N/A       4%          3
 Flame Wave               Conj/Fire      22%        2d7       14%         4
 Petrify                  Tmut/Erth      22%        N/A       14%         4
 Manifold Assault         Tloc           30%        N/A       16%         5
 Metabolic Englaciation   Hex/Ice        11%        N/A       38%         5
 Statue Form              Tmut/Erth      14%        N/A       92%         6
 Summon Small Mammal      Summ           Unusable   N/A       N/A         1
 Call Canine Familiar     Summ           Unusable   N/A       N/A         3
 Summon Guardian Golem    Hex/Summ       Unusable   N/A       N/A         3

Dungeon Overview and Level Annotations

Branches:
Dungeon (13/15)            Temple (1/1) D:5            Lair (0/6) D:10
    Orc (0/2) D:9
 Vaults: D:13-14

Altars:
Ashenzari
Cheibriados
Dithmenos
Elyvilon
Fedhas
Gozag
Hepliaklqana
Kikubaaqudgha
Makhleb
Nemelex Xobeh
Okawaru
Qazlal
Ru
Sif Muna
Trog
Uskayaw
Vehumet
Wu Jian
Xom
Yredelemnul
Zin
The Shining One

Shops:
D:2 [   D:7 =   D:10 ?

Annotations:
D:7 Joseph
D:9 exclusions: 2 doors, 2 two-headed ogres and 1 more exclusion
D:12 exclusions: cyclops, howler monkey, phantasmal warrior and 1 more exclusion, Erolcha


Innate Abilities, Weirdness & Mutations

You have very sharp teeth.
Your uncanny sense of smell can sniff out nearby items.
Your experience applies equally to all skills.


Message History

Found an escape hatch in the floor.
A slime creature comes into view.
A slime creature comes into view.
The slime creature quivers.
The slime creature moves out of view.
A slime creature comes into view. 2 slime creatures come into view.
The slime creature closely misses you.
The slime creature completely misses you.
Two slime creatures merge to form a large slime creature.
You barely miss the slime creature. Your punch misses the slime creature.
The slime creature quivers. x2
The slime creature closely misses you.
Unknown command.
You hit the large slime creature.
The large slime creature is lightly wounded.
The large slime creature hits you. The slime creature hits you!
Unknown command.
You bludgeon the large slime creature!! You bite the large slime creature.
The large slime creature is moderately wounded.
A large slime creature splits.
The slime creature barely misses you.
Unknown command.
You sock the slime creature! You punch the slime creature.
The slime creature is heavily wounded.
The slime creature hits you! x2
The slime creature hits you but does no damage.
Unknown command.
You hit the slime creature.
Lightning courses through the slime creature!
The slime creature is severely wounded.
The slime creature barely misses you.
Two slime creatures merge to form a large slime creature.
Two slime creatures merge to form a very large slime creature.
The slime creature barely misses you.
You sock the slime creature! You punch the slime creature!
The slime creature is almost dead.
The slime creature completely misses you.
The very large slime creature hits you!!!
Ouch! That really hurt!
You die...

# ############# #.
.............
####.>###############.##
......J@.........<.....#
≈≈≈≈≈≈JJ#########.#....#
≈≈≈≈≈≈≈≈≈≈.......)#..).#
≈≈≈≈≈≈≈≈≈≈≈......≈≈...≈≈
≈≈≈≈≈≈≈≈≈≈≈≈≈≈≈≈≈≈≈≈≈≈≈≈
≈≈≈≈≈≈≈≈≈≈≈≈≈≈≈≈≈≈≈≈≈≈#≈
≈≈≈#≈≈≈###≈≈.≈..≈≈≈≈≈.##
.###### .......#####.#
....... .#


You could see a very large slime creature and 2 slime creatures.

Vanquished Creatures
  A centaur warrior (D:13)
  A cyclops (D:12)
  A manticore (D:9)
  A kobold demonologist (D:11)
  An unseen horror (D:12)
  A komodo dragon (D:10)
  A freezing wraith (D:13)
  A troll (D:10)
  4 wyverns
  A shadow (D:8)
  A water elemental (D:13)
  4 yaks (D:10)
  A steam dragon (D:7)
  2 vampire mosquitoes (D:10)
  An acid dragon (D:9)
  2 ice beasts
  2 orc warriors (D:10)
  3 sky beasts
  2 necrophages
  6 ogres
  A phantom (D:5)
  4 bullfrogs
  A wyvern zombie (D:7)
  4 scorpions
  2 water moccasin zombies
  12 killer bees
  9 wights
  A jelly (D:5)
  3 bullfrog zombies
  A crimson imp (D:9)
  A centaur zombie (D:7)
  2 hounds
  A human zombie (D:4)
  5 orc priests
  A centaur skeleton (D:5)
  A bullfrog skeleton (D:5)
  Ijyb (D:3)
  4 iguanas
  2 scorpion zombies (D:4)
  6 orc wizards
  Natasha (thrice) (D:3)
  A killer bee zombie (D:6)
  2 hound zombies (D:4)
  A mummy (D:4)
  2 howler monkey zombies
  Robin (D:3)
  4 gnolls (D:5)
  3 adders
  A shadow imp (D:7)
  2 adder zombies (D:4)
  2 adder skeletons (D:4)
  3 worms
  2 dart slugs (D:1)
  37 orcs
  5 endoplasms
  4 giant cockroaches
  9 hobgoblins
  11 kobolds
  4 quokkas
  2 ball pythons
  6 bats
  3 frilled lizards
  12 goblins
  5 rats
224 creatures vanquished.

Vanquished Creatures (others)
  An orc (D:7)
  17 fungi (D:10)
  21 plants
39 creatures vanquished.

Grand Total: 263 creatures vanquished

Notes
Turn   | Place    | Note
-------+----------+-------------------------------------------
     0 | D:1      | Ablot the Gnoll Warper began the quest for the Orb.
     0 | D:1      | Reached XP level 1. HP: 20/20 MP: 6/6
   358 | D:1      | Reached XP level 2. HP: 23/26 MP: 7/7
   361 | D:1      | Learned a level 2 spell: Blink
   831 | D:1      | Reached XP level 3. HP: 30/31 MP: 9/9
   890 | D:1      | Reached skill level 5 in Spellcasting
  1180 | D:1      | Found a faded altar of an unknown god.
  1389 | D:2      | Reached skill level 1 in Invocations
  1508 | D:2      | Reached skill level 1 in Short Blades
  1508 | D:2      | Reached skill level 1 in Long Blades
  1508 | D:2      | Reached skill level 1 in Axes
  1508 | D:2      | Reached skill level 1 in Maces & Flails
  1508 | D:2      | Reached skill level 1 in Staves
  1508 | D:2      | Reached skill level 1 in Slings
  1508 | D:2      | Reached skill level 1 in Bows
  1508 | D:2      | Reached skill level 1 in Crossbows
  1508 | D:2      | Reached skill level 1 in Stealth
  1508 | D:2      | Reached skill level 1 in Shields
  1508 | D:2      | Reached skill level 1 in Unarmed Combat
  1508 | D:2      | Reached skill level 1 in Evocations
  1695 | D:2      | Found Umuus's Armour Emporium.
  1857 | D:2      | Learned a level 1 spell: Beastly Appendage
  1900 | D:2      | Identified the +10 flail "Odoc" {antimagic, Dex+4}
  2126 | D:3      | Reached XP level 4. HP: 36/38 MP: 3/11
  2339 | D:3      | Noticed Ijyb
  2366 | D:3      | Killed Ijyb
  2689 | D:3      | Noticed Natasha
  2694 | D:3      | Killed Natasha
  2695 | D:3      | Reached skill level 1 in Conjurations
  2695 | D:3      | Reached skill level 1 in Hexes
  2695 | D:3      | Reached skill level 1 in Summonings
  2695 | D:3      | Reached skill level 1 in Necromancy
  2695 | D:3      | Reached skill level 1 in Transmutations
  2695 | D:3      | Reached skill level 1 in Fire Magic
  2695 | D:3      | Reached skill level 1 in Ice Magic
  2695 | D:3      | Reached skill level 1 in Air Magic
  2695 | D:3      | Reached skill level 1 in Earth Magic
  2695 | D:3      | Reached skill level 1 in Poison Magic
  2942 | D:3      | Noticed Robin
  2968 | D:3      | Reached XP level 5. HP: 43/43 MP: 4/12
  2977 | D:3      | Killed Robin
  3294 | D:3      | Found a glowing silver altar of Zin.
  3441 | D:3      | Noticed Natasha
  3446 | D:3      | Killed Natasha
  3561 | D:3      | Noticed Natasha
  3566 | D:3      | Killed Natasha
  3573 | D:3      | Learned a level 1 spell: Animate Skeleton
  3576 | D:3      | Learned a level 2 spell: Wereblood
  3832 | D:3      | Reached XP level 6. HP: 39/50 MP: 4/13
  3955 | D:4      | Found a blossoming altar of Fedhas.
  4046 | D:4      | Found a shimmering blue altar of Sif Muna.
  4109 | D:4      | Reached skill level 5 in Fighting
  4109 | D:4      | Reached skill level 5 in Polearms
  4109 | D:4      | Reached skill level 5 in Dodging
  4554 | D:4      | Noticed a necrophage
  4561 | D:4      | Killed a necrophage
  4562 | D:4      | Reached XP level 7. HP: 56/56 MP: 5/15
  4582 | D:4      | Found an ancient bone altar of Kikubaaqudgha.
  4738 | D:5      | Entered Level 5 of the Dungeon
  4779 | D:5      | Found a hide-covered altar of Uskayaw.
  5377 | D:5      | Found a staircase to the Ecumenical Temple.
  5384 | Temple   | Entered the Ecumenical Temple
  5442 | Temple   | Became a worshipper of Warmaster Okawaru
  5600 | D:5      | Reached XP level 8. HP: 57/63 MP: 5/16
  5861 | D:5      | Reached skill level 6 in Spellcasting
  6036 | D:5      | Reached * piety under Okawaru
  6904 | D:6      | Found a bloodstained altar of Trog.
  7035 | D:6      | Found a shadowy altar of Dithmenos.
  7051 | D:6      | Reached XP level 9. HP: 69/69 MP: 4/18
  7643 | D:6      | Reached ** piety under Okawaru
  7823 | D:7      | Learned a level 3 spell: Gell's Gravitas
  7866 | D:7      | Reached skill level 5 in Throwing
  7866 | D:7      | Reached skill level 5 in Armour
  8294 | D:7      | Noticed Joseph
  8471 | D:7      | Found Faotaaf's One-of-a-Kind Rings.
  9121 | D:8      | Reached skill level 5 in Invocations
  9438 | D:8      | Identified the +12 flail of Unpleasantness {elec, rC+ Int+4
                  | SInv Stlth-}
  9569 | D:8      | Found an ornate altar of the Wu Jian Council.
  9569 | D:8      | Found a white marble altar of Elyvilon.
 10033 | D:8      | Reached skill level 7 in Spellcasting
 10033 | D:8      | Reached XP level 10. HP: 77/77 MP: 7/20
 10207 | D:9      | Found a hazy altar of Hepliaklqana.
 10227 | D:9      | Noticed a two-headed ogre
 10282 | D:9      | Found a burning altar of Makhleb.
 10963 | D:9      | Reached skill level 5 in Short Blades
 10963 | D:9      | Reached skill level 5 in Long Blades
 10963 | D:9      | Reached skill level 5 in Axes
 10963 | D:9      | Reached skill level 5 in Maces & Flails
 10963 | D:9      | Reached skill level 5 in Staves
 10963 | D:9      | Reached skill level 5 in Slings
 10963 | D:9      | Reached skill level 5 in Bows
 10963 | D:9      | Reached skill level 5 in Crossbows
 10963 | D:9      | Reached skill level 5 in Stealth
 10963 | D:9      | Reached skill level 5 in Shields
 10963 | D:9      | Reached skill level 5 in Unarmed Combat
 10963 | D:9      | Reached skill level 5 in Evocations
 10972 | D:9      | Found a snail-covered altar of Cheibriados.
 11197 | D:9      | Noticed a two-headed ogre
 11365 | D:9      | Found a staircase to the Orcish Mines.
 11658 | D:9      | Noticed a manticore
 11664 | D:9      | Killed a manticore
 11916 | D:9      | Noticed a wizard
 12271 | D:10     | Entered Level 10 of the Dungeon
 12357 | D:10     | Reached *** piety under Okawaru
 12706 | D:10     | Found Toclesy's Magic Scroll Emporium.
 12714 | D:10     | Bought a scroll of identify for 24 gold pieces
 12714 | D:10     | Bought a scroll of fog for 24 gold pieces
 12714 | D:10     | Bought a scroll of magic mapping for 42 gold pieces
 12719 | D:10     | Bought a scroll of enchant weapon for 90 gold pieces
 12719 | D:10     | Bought a scroll of identify for 24 gold pieces
 12719 | D:10     | Bought a scroll of identify for 24 gold pieces
 13108 | D:10     | Received a gift from Okawaru
 13248 | D:10     | Found a staircase to the Lair.
 13259 | D:10     | Learned a level 3 spell: Vampiric Draining
 13448 | D:10     | Reached **** piety under Okawaru
 13484 | D:10     | Reached XP level 11. HP: 56/84 MP: 7/22
 14275 | D:11     | Received a gift from Okawaru
 15029 | D:12     | Noticed a cyclops
 15124 | D:12     | Noticed a cyclops
 15135 | D:12     | Killed a cyclops
 15136 | D:12     | Reached skill level 5 in Conjurations
 15136 | D:12     | Reached skill level 5 in Hexes
 15136 | D:12     | Reached skill level 5 in Summonings
 15136 | D:12     | Reached skill level 5 in Necromancy
 15136 | D:12     | Reached skill level 5 in Transmutations
 15136 | D:12     | Reached skill level 5 in Fire Magic
 15136 | D:12     | Reached skill level 5 in Ice Magic
 15136 | D:12     | Reached skill level 5 in Air Magic
 15136 | D:12     | Reached skill level 5 in Earth Magic
 15136 | D:12     | Reached skill level 5 in Poison Magic
 15152 | D:12     | Noticed Erolcha
 15191 | D:12     | Identified the +6 longbow of the Traitor {flame, Drain rN++
                  | Str+3}
 15203 | D:12     | Noticed a phantasmal warrior
 15339 | D:13     | Reached skill level 8 in Spellcasting
 15343 | D:13     | Noticed a centaur warrior
 15425 | D:13     | Killed a centaur warrior
 15461 | D:13     | Slain by a very large slime creature

Illustrated notes

Levels and vault maps discovered:
D:1:      matt_arrival_spirals, layout_basic, dreamdust_ecumenical_altar_grove,
          minmay_worlds_worst_comb
D:2:      layout_rooms, serial_shops, shop, minmay_misc_feat_five
D:3:      layout_basic, lemuel_coloured_pillars_altar, serial_glass,
          glass_columns_c, glass_columns_a, uniq_ijyb, uniq_natasha, uniq_robin
D:4:      layout_rooms, lemuel_mausoleum_altar_kikubaaqudgha,
          kennysheep_little_box, kennysheep_orc_sif_temple,
          hangedman_decor_opposing
D:5:      layout_gridville, nicolae_uskayaw_dance_hall,
          minmay_temple_entry_nine_rooms, feat_on_display
D:6:      layout_layer_cave, mainiacjoe_overflow_catwalk,
          nicolae_dithmenos_shadow_blocks
D:7:      layout_loops_ring, nicolae_shop_unique_rings,
          hangedman_decor_peaks_small, uniq_joseph
D:8:      layout_basic, gammafunk_temple_overflow_wave
D:9:      layout_gridville, mainiacjoe_overflow_tiny_flanked,
          nicolae_hepliaklqana_hazy_memory, lemuel_tele_altar,
          hiddenorc2_lemuel, dk_noncrumbling_2, kennysheep_flooded_box,
          lightli_wizard_tower
D:10:     layout_roguey, grunt_lair_entry_orc_guard_hut, serial_shops,
          nicolae_shop_window_shopping, skrybe_limestone_x
D:11:     layout_layer_cave
D:12:     layout_cross, uniq_urug, uniq_jorgrun, uniq_erolcha
D:13:     layout_basic, lemuel_zombie_altar_yredelemnul
Temple:   cyrus_temple_forest

Skill      XL: |  1  2  3  4  5  6  7  8  9 10 11 |
---------------+----------------------------------+-----
Spellcasting   | 5 6 7 8 |  8.0
Invocations    | 1 2 3 4 5 6 |  6.8
Short Blades   | 1 2 3 4 5 6 |  6.2
Long Blades    | 1 2 3 4 5 6 |  6.2
Axes           | 1 2 3 4 5 6 |  6.2
Maces & Flails | 1 2 3 4 5 6 |  6.2
Staves         | 1 2 3 4 5 6 |  6.2
Slings         | 1 2 3 4 5 6 |  6.2
Bows           | 1 2 3 4 5 6 |  6.2
Crossbows      | 1 2 3 4 5 6 |  6.2
Stealth        | 1 2 3 4 5 6 |  6.2
Shields        | 1 2 3 4 5 6 |  6.2
Unarmed Combat | 1 2 3 4 5 6 |  6.2
Evocations     | 1 2 3 4 5 6 |  6.2
Conjurations   | 1 2 3 4 5 |  5.1
Hexes          | 1 2 3 4 5 |  5.1
Summonings     | 1 2 3 4 5 |  5.1
Necromancy     | 1 2 3 4 5 |  5.1
Transmutations | 1 2 3 4 5 |  5.1
Fire Magic     | 1 2 3 4 5 |  5.1
Ice Magic      | 1 2 3 4 5 |  5.1
Air Magic      | 1 2 3 4 5 |  5.1
Earth Magic    | 1 2 3 4 5 |  5.1
Poison Magic   | 1 2 3 4 5 |  5.1
Throwing       | 3 4 5 6 |  6.7
Armour         | 3 4 5 6 |  6.7
Fighting       | 5 6 7 |  7.8
Polearms       | 5 6 7 |  7.8
Dodging        | 5 6 7 |  7.8
Translocations | 6 7 |  7.6

Action                   |  1- 3 |  4- 6 |  7- 9 | 10-12 || total
-------------------------+-------+-------+-------+-------++-------
Melee: Spear             |   118 |       |       |       ||   118
       Bite              |    10 |    12 |    25 |    27 ||    74
       Punch             |     2 |     2 |     6 |     8 ||    18
       Flail             |     6 |   120 |   231 |   263 ||   620
       Kick              |       |       |     2 |     5 ||     7
       Headbutt          |       |       |     1 |       ||     1
Throw: Dart              |       |       |     5 |     1 ||     6
 Cast: Beastly Appendage |       |       |     3 |     1 ||     4
       Wereblood         |       |       |       |     3 ||     3
  Use: Scroll            |       |       |     1 |     8 ||     9
       Potion            |       |       |       |     2 ||     2
 Stab: Sleeping          |     1 |     2 |     9 |     2 ||    14
       Distracted        |       |       |       |     1 ||     1
Armor: Leather armour    |    19 |    34 |    42 |       ||    95
       Steam dragon scal |       |       |    12 |    38 ||    50
       Troll leather arm |       |       |       |    26 ||    26
       Ring mail         |       |       |       |     9 ||     9
Dodge: Dodged            |    40 |    66 |   152 |   235 ||   493
